TOP OF THE 1ST |
Detroit (APP) Tigers batting - Pitching for Seattle (APP) Mariners : LHP Omar Gutierrez
|
Pitching: LHP Omar Gutierrez
|
|
Batting: RHB Kevin Steed
|
0-0: Ball 1-0: Ball 2-0: Called Strike 2-1: Ball 3-1: Base on Balls
|
Batting: RHB Cody Kafer
|
0-0: Ball 1-0: Foul Ball, location: 2F 1-1: Called Strike 1-2: Foul Ball, location: 2F 1-2: Foul Ball, location: 2F 1-2: Strikes out swinging
|
Batting: RHB Nate Dabney
|
Pickoff Throw to First - Out! 1-3 0-0: Swinging Strike 0-1: Ball 1-1: Ground out 1-3 (Groundball, 15, EV 69.4 MPH)
|
Top of the 1st over - 0 runs, 0 hits, 0 errors, 0 left on base; Detroit (APP) 0 - Seattle (APP) 0 |
BOTTOM OF THE 1ST |
Seattle (APP) Mariners batting - Pitching for Detroit (APP) Tigers : RHP Edwin Marquez
|
Pitching: RHP Edwin Marquez
|
|
Batting: RHB Carlton McDonald
|
0-0: Ball 1-0: Ball 2-0: Called Strike 2-1: Foul Ball, location: 2F 2-2: Ball 3-2: Foul Ball, location: 2F 3-2: Fly out, F9 (Flyball, 9LMF, EV 85.0 MPH)
|
Batting: RHB Caleb Dean
|
0-0: Called Strike 0-1: Ball 1-1: Ground out 5-3 (Groundball, 56, EV 80.6 MPH)
|
Batting: LHB William Gonzales
|
0-0: Ball 1-0: Called Strike 1-1: Ball 2-1: Ball 3-1: Base on Balls
|
Batting: RHB Rich Griffith
|
0-0: Called Strike 0-1: Swinging Strike 0-2: Foul Ball, location: 2F 0-2: Ball 1-2: Ball 2-2: Strikes out swinging
|
Bottom of the 1st over - 0 runs, 0 hits, 0 errors, 1 left on base; Detroit (APP) 0 - Seattle (APP) 0 |
TOP OF THE 2ND |
Detroit (APP) Tigers batting - Pitching for Seattle (APP) Mariners : LHP Omar Gutierrez
|
Batting: LHB Brad Gaskill
|
0-0: Swinging Strike 0-1: Swinging Strike 0-2: Ground out 5-3 (Groundball, 56, EV 89.4 MPH)
|
Batting: LHB Glen Boyle
|
0-0: Ball 1-0: Called Strike 1-1: Foul Ball, location: 2F 1-2: Foul Ball, location: 2F 1-2: Ball 2-2: Ground out U3 (Groundball, 34, EV 86.9 MPH)
|
Batting: RHB Willie Ochoa
|
0-0: Called Strike 0-1: Foul Ball, location: 2F 0-2: Ball 1-2: Foul Ball, location: 2F 1-2: Ball 2-2: Foul Ball, location: 2F 2-2: Ground out 4-3 (Groundball, 4, EV 81.9 MPH)
|
Top of the 2nd over - 0 runs, 0 hits, 0 errors, 0 left on base; Detroit (APP) 0 - Seattle (APP) 0 |
BOTTOM OF THE 2ND |
Seattle (APP) Mariners batting - Pitching for Detroit (APP) Tigers : RHP Edwin Marquez
|
Batting: LHB Yoshihisa Kobayashi
|
0-0: Ball 1-0: Called Strike 1-1: Swinging Strike 1-2: Ball 2-2: Foul Ball, location: 2F 2-2: Ball 3-2: Base on Balls
|
Batting: RHB Joaquin Salazar
|
0-0: Ball 1-0: Foul Ball, location: 2F 1-1: Fielders Choice at 2nd, 5-4 (Groundball, 5, EV 87.5 MPH)
|
Batting: RHB Eddie Luna
|
0-0: Ball 1-0: Ball Joaquin Salazar steals 2nd base 2-0: Ball 3-0: Called Strike 3-1: Ground out 6-3 (Groundball, 6, EV 81.9 MPH) Joaquin Salazar to third
|
Batting: LHB Garrett Dodge
|
0-0: Ball 1-0: Swinging Strike 1-1: Swinging Strike 1-2: Ball 2-2: Strikes out looking
|
Bottom of the 2nd over - 0 runs, 0 hits, 0 errors, 1 left on base; Detroit (APP) 0 - Seattle (APP) 0 |
TOP OF THE 3RD |
Detroit (APP) Tigers batting - Pitching for Seattle (APP) Mariners : LHP Omar Gutierrez
|
Batting: RHB John Barton
|
0-0: Ball 1-0: Ball 2-0: Ball 3-0: Called Strike 3-1: Base on Balls
|
Batting: RHB Peter Jones
|
0-0: Called Strike 0-1: Ball 1-1: Foul Ball, location: 2F 1-2: Strikes out swinging
|
Batting: RHB Rick Brinkmann
|
0-0: Foul Ball, location: 2F 0-1: Swinging Strike 0-2: Ball Wild Pitch! John Barton to second 1-2: Strikes out looking
|
Batting: RHB Kevin Steed
|
0-0: Foul Ball, location: 2F 0-1: Ball 1-1: Swinging Strike 1-2: Ball 2-2: Ball 3-2: Foul Ball, location: 2F 3-2: Ground out 4-3 (Groundball, 4, EV 83.1 MPH)
|
Top of the 3rd over - 0 runs, 0 hits, 0 errors, 1 left on base; Detroit (APP) 0 - Seattle (APP) 0 |
BOTTOM OF THE 3RD |
Seattle (APP) Mariners batting - Pitching for Detroit (APP) Tigers : RHP Edwin Marquez
|
Batting: RHB Steve Carmichael
|
0-0: Called Strike 0-1: Ground out 4-3 (Groundball, 4, EV 107.5 MPH)
|
Batting: RHB Carlton McDonald
|
0-0: Ball 1-0: Ball 2-0: Called Strike 2-1: Called Strike 2-2: Ball 3-2: Base on Balls
|
Batting: RHB Caleb Dean
|
0-0: Ball 1-0: Called Strike Carlton McDonald steals 2nd base (no throw) 1-1: Swinging Strike 1-2: Strikes out swinging
|
Batting: LHB William Gonzales
|
0-0: Foul Ball, location: 2F 0-1: Ball 1-1: Foul Ball, location: 2F 1-2: Ball 2-2: Ball 3-2: Fly out, F8 (Flyball, 8LM, EV 86.2 MPH)
|
Bottom of the 3rd over - 0 runs, 0 hits, 0 errors, 1 left on base; Detroit (APP) 0 - Seattle (APP) 0 |
TOP OF THE 4TH |
Detroit (APP) Tigers batting - Pitching for Seattle (APP) Mariners : LHP Omar Gutierrez
|
Batting: RHB Cody Kafer
|
0-0: Fly out, F8 (Flyball, 8RD, EV 83.1 MPH)
|
Batting: RHB Nate Dabney
|
0-0: Called Strike 0-1: Ball 1-1: Foul Ball, location: 2F 1-2: Strikes out swinging
|
Batting: LHB Brad Gaskill
|
0-0: Ball 1-0: Foul Ball, location: 2F 1-1: Ball 2-1: Foul Ball, location: 2F 2-2: Fly out, F7 (Flyball, 7, EV 91.2 MPH)
|
Top of the 4th over - 0 runs, 0 hits, 0 errors, 0 left on base; Detroit (APP) 0 - Seattle (APP) 0 |
BOTTOM OF THE 4TH |
Seattle (APP) Mariners batting - Pitching for Detroit (APP) Tigers : RHP Edwin Marquez
|
Batting: RHB Rich Griffith
|
0-0: Foul Ball, location: 2F 0-1: Ground out 1-3 (Groundball, 34S, EV 71.9 MPH)
|
Batting: LHB Yoshihisa Kobayashi
|
0-0: Called Strike 0-1: Called Strike 0-2: Ball 1-2: Ball 2-2: Ball 3-2: Base on Balls
|
Batting: RHB Joaquin Salazar
|
0-0: Called Strike Yoshihisa Kobayashi steals 2nd base 0-1: Swinging Strike 0-2: Strikes out looking
|
Batting: RHB Eddie Luna
|
0-0: Hit by Pitch
|
Batting: LHB Garrett Dodge
|
0-0: Foul Ball, location: 2F 0-1: Ball 1-1: Called Strike 1-2: Foul Ball, location: 2F 1-2: Strikes out swinging
|
Bottom of the 4th over - 0 runs, 0 hits, 0 errors, 2 left on base; Detroit (APP) 0 - Seattle (APP) 0 |
TOP OF THE 5TH |
Detroit (APP) Tigers batting - Pitching for Seattle (APP) Mariners : LHP Omar Gutierrez
|
Batting: LHB Glen Boyle
|
0-0: Ball 1-0: Ball 2-0: Called Strike 2-1: Ball 3-1: DOUBLE (Flyball, 8RXD, EV 102.5 MPH)
|
Batting: RHB Willie Ochoa
|
0-0: Ball 1-0: Called Strike 1-1: Swinging Strike 1-2: Ball 2-2: Foul Ball, location: 2F 2-2: DOUBLE (Line Drive, 7LS, EV 107.5 MPH) Glen Boyle scores
|
Batting: RHB John Barton
|
0-0: Called Strike 0-1: Ball 1-1: Foul Ball, location: 2F 1-2: Ball 2-2: Ball 3-2: Ground out 6-3 (Groundball, 56, EV 101.9 MPH)
|
Batting: RHB Peter Jones
|
0-0: Fly out, F3 (Popup, 3S, EV 75.0 MPH)
|
Pitching: RHP Jayden Ross
|
|
Batting: RHB Rick Brinkmann
|
0-0: Called Strike 0-1: Ball 1-1: SINGLE (Line Drive, 7S, EV 92.5 MPH) Willie Ochoa to third
|
Batting: RHB Kevin Steed
|
0-0: Ball 1-0: Ball 2-0: Ground out 4-3 (Groundball, 34D, EV 102.5 MPH)
|
Top of the 5th over - 1 run, 3 hits, 0 errors, 2 left on base; Detroit (APP) 1 - Seattle (APP) 0 |
BOTTOM OF THE 5TH |
Seattle (APP) Mariners batting - Pitching for Detroit (APP) Tigers : RHP Edwin Marquez
|
Batting: RHB Steve Carmichael
|
0-0: Called Strike 0-1: Called Strike 0-2: Ball 1-2: Ball 2-2: Foul Ball, location: 2F 2-2: Ground out 5-3 (Groundball, 56S, EV 92.5 MPH)
|
Pitching: RHP Alvaro Patino
|
|
Batting: RHB Carlton McDonald
|
0-0: Ball 1-0: Foul Ball, location: 2F 1-1: Ball 2-1: Called Strike 2-2: Ball 3-2: Ground out 1-3 (Groundball, P, EV 71.2 MPH)
|
Batting: RHB Caleb Dean
|
0-0: Ball 1-0: Ball 2-0: Ball 3-0: Foul Ball, location: 2F 3-1: Base on Balls
|
Batting: LHB William Gonzales
|
0-0: Swinging Strike 0-1: Called Strike 0-2: Ball 1-2: Ball 2-2: Foul Ball, location: 2F 2-2: Ball Caleb Dean is caught stealing 2nd base 2-6
|
Bottom of the 5th over - 0 runs, 0 hits, 0 errors, 0 left on base; Detroit (APP) 1 - Seattle (APP) 0 |
TOP OF THE 6TH |
Detroit (APP) Tigers batting - Pitching for Seattle (APP) Mariners : RHP Jayden Ross
|
Batting: RHB Cody Kafer
|
0-0: Swinging Strike 0-1: Swinging Strike 0-2: Ball 1-2: Strikes out swinging
|
Batting: RHB Nate Dabney
|
0-0: Called Strike 0-1: Foul Ball, location: 2F 0-2: SINGLE (Groundball, 13S, EV 69.4 MPH) (infield hit)
|
Batting: LHB Brad Gaskill
|
0-0: Called Strike 0-1: Reached on error, E6 (Groundball, 6M, EV 82.5 MPH) Nate Dabney to second
|
Batting: LHB Glen Boyle
|
0-0: Ball 1-0: Foul Ball, location: 2F 1-1: Ball 2-1: Swinging Strike 2-2: Ball 3-2: Strikes out looking
|
Batting: RHB Willie Ochoa
|
0-0: Ball 1-0: Foul Ball, location: 2F 1-1: Ground out U3 (Groundball, 3S, EV 71.2 MPH)
|
Top of the 6th over - 0 runs, 1 hit, 1 error, 2 left on base; Detroit (APP) 1 - Seattle (APP) 0 |
BOTTOM OF THE 6TH |
Seattle (APP) Mariners batting - Pitching for Detroit (APP) Tigers : RHP Alvaro Patino
|
Batting: LHB William Gonzales
|
0-0: Ball 1-0: Ball 2-0: Foul Ball, location: 2F 2-1: Swinging Strike 2-2: SINGLE (Line Drive, 9S, EV 106.2 MPH)
|
Batting: RHB Rich Griffith
|
0-0: Swinging Strike 0-1: Ball 1-1: Ball 2-1: Ball 3-1: Called Strike 3-2: SINGLE (Groundball, 56D, EV 97.5 MPH) William Gonzales to second
|
Pinch Runner at 2nd Jwahir Pili:
|
|
Batting: LHB Yoshihisa Kobayashi
|
0-0: Foul Ball, location: 2F 0-1: Ball 1-1: Called Strike 1-2: Fielders Choice at 2nd, U6 (Groundball, 4M, EV 101.2 MPH) Jwahir Pili to third
|
Batting: RHB Joaquin Salazar
|
0-0: Called Strike Yoshihisa Kobayashi is caught stealing 2nd base 2-4 0-1: Swinging Strike 0-2: Strikes out swinging
|
Bottom of the 6th over - 0 runs, 2 hits, 0 errors, 1 left on base; Detroit (APP) 1 - Seattle (APP) 0 |
TOP OF THE 7TH |
Detroit (APP) Tigers batting - Pitching for Seattle (APP) Mariners : RHP Jayden Ross
|
Now at 1B: Frank Amato
|
|
Batting: RHB John Barton
|
0-0: Called Strike 0-1: Called Strike 0-2: Strikes out looking
|
Batting: RHB Peter Jones
|
0-0: Foul Ball, location: 2F 0-1: Ball 1-1: Foul Ball, location: 2F 1-2: Strikes out swinging
|
Batting: RHB Rick Brinkmann
|
0-0: Ball 1-0: Ball 2-0: Called Strike 2-1: Ball 3-1: Base on Balls
|
Pitching: RHP Bryce Blanksby
|
|
Batting: RHB Kevin Steed
|
0-0: Ball 1-0: Ball 2-0: Foul Ball, location: 2F 2-1: DOUBLE (Line Drive, 78D, EV 109.4 MPH) Rick Brinkmann to third Runner from 3rd tries for Home, SAFE, throw by LF to home
|
Batting: RHB Cody Kafer
|
0-0: Ball 1-0: Ball 2-0: Foul Ball, location: 2F 2-1: Foul Ball, location: 2F 2-2: Strikes out looking
|
Top of the 7th over - 1 run, 1 hit, 0 errors, 1 left on base; Detroit (APP) 2 - Seattle (APP) 0 |
BOTTOM OF THE 7TH |
Seattle (APP) Mariners batting - Pitching for Detroit (APP) Tigers : RHP Alvaro Patino
|
Batting: RHB Eddie Luna
|
0-0: Ball 1-0: Ball 2-0: Foul Ball, location: 2F 2-1: Ball 3-1: Swinging Strike 3-2: Base on Balls
|
Pitching: RHP Marshall Laurence
|
|
Pinch Hitting: LHB Ryan Daniels
|
0-0: Called Strike 0-1: Called Strike 0-2: Ball 1-2: Strikes out swinging
|
Batting: RHB Steve Carmichael
|
0-0: Ball 1-0: Ball 2-0: Ball 3-0: Called Strike 3-1: Base on Balls Eddie Luna to second
|
Batting: RHB Carlton McDonald
|
0-0: Foul Ball, location: 2F 0-1: Ball 1-1: Ball 2-1: Swinging Strike 2-2: Ball 3-2: Foul Ball, location: 2F 3-2: Base on Balls Eddie Luna to third Steve Carmichael to second
|
Pitching: RHP Victor Altagracia
|
|
Batting: RHB Caleb Dean
|
0-0: Ball 1-0: Called Strike 1-1: Ball 2-1: Foul Ball, location: 2F 2-2: Ball 3-2: Base on Balls Eddie Luna scores Steve Carmichael to third Carlton McDonald to second
|
Batting: SHB Frank Amato
|
0-0: Ball 1-0: Called Strike 1-1: Foul Ball, location: 2F 1-2: Ball 2-2: Foul Ball, location: 2F 2-2: Strikes out swinging
|
Batting: RHB Rich Griffith
|
0-0: Ball 1-0: Foul Ball, location: 2F 1-1: Ball 2-1: Foul Ball, location: 2F 2-2: Strikes out swinging
|
Bottom of the 7th over - 1 run, 0 hits, 0 errors, 3 left on base; Detroit (APP) 2 - Seattle (APP) 1 |
TOP OF THE 8TH |
Detroit (APP) Tigers batting - Pitching for Seattle (APP) Mariners : RHP Bryce Blanksby
|
Now in RF: Ryan Daniels
|
|
Batting: RHB Nate Dabney
|
0-0: Ball 1-0: DOUBLE (Line Drive, 89D, EV 108.8 MPH)
|
Batting: LHB Brad Gaskill
|
0-0: Ball 1-0: Ball 2-0: Ball 3-0: Base on Balls
|
Batting: LHB Glen Boyle
|
0-0: Ball 1-0: Ground out 6-3 (Groundball, P, EV 76.2 MPH) Nate Dabney to third Brad Gaskill to second
|
Batting: RHB Willie Ochoa
|
0-0: Ball 1-0: Ground out 4-3 (Groundball, P, EV 85.0 MPH)
|
Batting: RHB John Barton
|
0-0: Called Strike 0-1: Swinging Strike 0-2: Strikes out swinging
|
Top of the 8th over - 0 runs, 1 hit, 0 errors, 2 left on base; Detroit (APP) 2 - Seattle (APP) 1 |
BOTTOM OF THE 8TH |
Seattle (APP) Mariners batting - Pitching for Detroit (APP) Tigers : RHP Victor Altagracia
|
Pitching: RHP Alvaro de la Paz
|
|
Batting: LHB Yoshihisa Kobayashi
|
0-0: Ball 1-0: Called Strike 1-1: Ball 2-1: Called Strike 2-2: Foul Ball, location: 2F 2-2: Ball 3-2: Foul Ball, location: 2F 3-2: Base on Balls
|
Batting: RHB Joaquin Salazar
|
0-0: Bunted foul 0-1: Bunt missed! 0-2: Ball 1-2: Strikes out swinging
|
Batting: RHB Eddie Luna
|
0-0: Ball 1-0: Fly out, F9 (Line Drive, 89D, EV 90.6 MPH)
|
Batting: LHB Ryan Daniels
|
0-0: Ball 1-0: Foul Ball, location: 2F 1-1: Swinging Strike 1-2: Strikes out looking
|
Bottom of the 8th over - 0 runs, 0 hits, 0 errors, 1 left on base; Detroit (APP) 2 - Seattle (APP) 1 |
TOP OF THE 9TH |
Detroit (APP) Tigers batting - Pitching for Seattle (APP) Mariners : RHP Bryce Blanksby
|
Batting: RHB Peter Jones
|
0-0: Foul Ball, location: 2F 0-1: Ball 1-1: Ground out 5-3 (Groundball, 5, EV 87.5 MPH)
|
Batting: RHB Khalil Coleman
|
0-0: Ball 1-0: Foul Ball, location: 2F 1-1: Foul Ball, location: 2F 1-2: DOUBLE (Line Drive, 89XD, EV 112.5 MPH)
|
Batting: RHB Kevin Steed
|
0-0: Intentional Walk
|
Pitching: RHP Domingo Maldonado
|
|
Batting: RHB Cody Kafer
|
0-0: Foul Ball, location: 2F 0-1: Ball 1-1: Ball 2-1: Swinging Strike 2-2: Ball 3-2: Grounds into double play, 6-4-3 (Groundball, 6, EV 83.1 MPH)
|
Top of the 9th over - 0 runs, 1 hit, 0 errors, 1 left on base; Detroit (APP) 2 - Seattle (APP) 1 |
BOTTOM OF THE 9TH |
Seattle (APP) Mariners batting - Pitching for Detroit (APP) Tigers : RHP Alvaro de la Paz
|
Pitching: RHP Malcolm Holz
|
|
Batting: RHB Steve Carmichael
|
0-0: Called Strike 0-1: Ball 1-1: Ball 2-1: Ball 3-1: Foul Ball, location: 2F 3-2: Foul Ball, location: 2F 3-2: Base on Balls
|
Batting: RHB Carlton McDonald
|
0-0: Called Strike 0-1: SINGLE (Groundball, 34, EV 84.4 MPH) (infield hit) Steve Carmichael to second
|
Batting: RHB Caleb Dean
|
0-0: Bunt missed! 0-1: Bunted foul 0-2: Ball 1-2: Strikes out swinging
|
Pitching: RHP Edwin Torres
|
|
Batting: SHB Frank Amato
|
0-0: Ball 1-0: Called Strike 1-1: Foul Ball, location: 2F 1-2: Ball 2-2: Foul Ball, location: 2F 2-2: Strikes out swinging
|
Batting: RHB Rich Griffith
|
0-0: Fly out, F8 (Line Drive, 8RS, EV 90.0 MPH)
|
Bottom of the 9th over - 0 runs, 1 hit, 0 errors, 2 left on base; Detroit (APP) 2 - Seattle (APP) 1 |
|